 Dungeon Sprint DCSS version 0.21.1-1-g345015f (webtiles) character file.

11722 Dfrag the Brawler (level 11, -5/208 HPs)
             Began as a Troll Berserker on Feb 25, 2018.
             Was the Champion of Trog.
             Slain by a hellwing (9 damage)
             ... summoned by Frances
             ... in the Dungeon (Sprint III: "The Ten Rune Challenge").
             The game lasted 00:05:29 (1750 turns).

Dfrag the Brawler (Troll Berserker)                 Turns: 1750, Time: 00:05:30

Health: -5/208     AC: -6    Str: 35    XL:     11   Next: 53%
Magic:  12/12      EV: 12    Int:  6    God:    Trog [******]
Gold:   2591       SH:  0    Dex:  9    Spells: 10/10 levels left

rFire    . . .     SeeInvis +     - Unarmed
rCold    . . .     Gourm    +   (no shield)
rNeg     . . .     Faith    .   s - +2 troll leather armour of Boredom {Regen+ Int+3 SInv}
rPois    .         Spirit   .   (helmet restricted)
rElec    .         Reflect  .   (no cloak)
rCorr    .         Harm     .   (gloves unavailable)
MR       .....     NoTele   +   (boots unavailable)
Stlth    ..........             (no amulet)
HPRegen  1.24/turn              (no ring)
MPRegen  0.13/turn              (no ring)

@: berserking (expiring), lethally poisoned (-5 -> -5), corroded, slowed
A: large, unfitting armour, antennae 1, claws 3, rugged brown scales 1, fast
metabolism 3, gourmand, high mp 2, regeneration 1, shaggy fur 1, tough skin 2,
sturdy frame 1
a: Berserk, Trog's Hand, Brothers in Arms, Burn Spellbooks, Renounce Religion


You were in the Dungeon.
You worshipped Trog.
Trog was exalted by your worship.
You were very full.

You visited 1 branch You collected 3016 gold pieces.
You spent 425 gold pieces at shops.

Inventory:

Hand Weapons
 t - a +0 long sword
Armour
 a - a +0 animal skin
 s - the +2 troll leather armour of Boredom (worn) {Regen+ Int+3 SInv}
   (You bought it in a shop in the Dungeon)

   It affects your intelligence (+3).
   It lets you see invisible.
   It increases your rate of regeneration.
Wands
 o - a wand of flame (36)
Scrolls
 h - a scroll of blinking
 i - a scroll of torment {unknown}
 j - a scroll of enchant armour {unknown}
 k - 3 scrolls of remove curse
 m - a scroll of holy word {unknown}
 n - a scroll of fog {unknown}
Potions
 c - 2 potions of curing
 d - a potion of heal wounds
 e - a potion of haste
 f - 2 potions of magic
 g - 2 potions of berserk rage
 l - 4 potions of flight
 r - a potion of agility
Books
 p - a book of Misfortune

   Spells                             Type                      Level
   a - Confusing Touch                Hexes                        1
   b - Confuse                        Hexes                        3
   c - Gell's Gravitas                Translocation                3
   d - Petrify                        Transmutation/Earth          4
   e - Metabolic Englaciation         Hexes/Ice                    5
   f - Yara's Violent Unravelling     Hexes/Transmutation          5
   Trog disapproves of the use of such an item.
Comestibles
 b - 5 rations
 q - 2 chunks of flesh


   Skills:
 + Level 16.2 Fighting
 + Level 6.8 Dodging
 + Level 18.7 Unarmed Combat


You had 10 spell levels left.
You didn't know any spells.

Dungeon Overview and Level Annotations

Branches:
Dungeon (1/1)

Altars:
Cheibriados
Dithmenos
Elyvilon
Fedhas
Gozag
Hepliaklqana
Kikubaaqudgha
Makhleb
Nemelex Xobeh
Okawaru
Qazlal
Ru
Sif Muna
Trog
Uskayaw
Vehumet
Wu Jian
Xom
Yredelemnul
Zin
The Shining One
Beogh
Jiyva
Lugonu

Shops:
D [

Annotations:
D Frances


Innate Abilities, Weirdness & Mutations

You are too large for most types of armour.
You have claws for hands.
Your metabolism is lightning-fast.
You like to eat raw meat.
Your natural rate of healing is unusually fast.
You are covered in fur. (AC +1)
You have very tough skin. (AC +2)
You have a pair of small antennae on your head.
You are partially covered in rugged brown scales. (AC +1, +3% HP)
You have a considerably increased reservoir of magic. (+20% MP)
Your movements are slightly less encumbered by armour. (ER -2)


Message History

* * * LOW HITPOINT WARNING * * *
The rust devil hits you!
* * * LOW HITPOINT WARNING * * *
The rust devil corrodes you! The hellwing barely misses you.
The hellwing hits you.
* * * LOW HITPOINT WARNING * * *
Unknown command.
Donald blocks your attack.
You kill Donald!
Trog accepts your kill.
Trog appreciates your killing of a magic user.
Your Fighting skill increases to level 16!
Your Dodging skill increases to level 6!
Frances hits you with an uncursed war axe of holy wrath!!
* * * LOW HITPOINT WARNING * * *
The rust devil hits you.
* * * LOW HITPOINT WARNING * * *
The rust devil corrodes you! The hellwing closely misses you.
The hellwing hits you!
You die...

#....#.#.#.....#......+
##(#).#.##)###.#......#
'##)#.#.##.#.)##.^....#
#...#..#..##..'.......#
▓▓▓▓▓▓▓▓▓▓▓▓▓▓#...).^.#
........≈≈≈...#......^#
≈≈≈≈≈≈≈≈≈≈♣♣P.'.......#
♣♣♣♣♣♣♣♣♣♣♣♣PP#4(.....#
♣♣♣##@###### ♣♣ #4)@+
.## #...# #.# #...#
†##+ ##### .).# #..#
####


You could see Frances, a hellwing and a rust devil.

Vanquished Creatures
  Donald (D)
  Erolcha (D)
  Urug (D)
  2 deep elf knights (D)
  A lindwurm (D)
  4 deep elf magi (D)
  2 spiny frogs (D)
  A rime drake (D)
  A komodo dragon (D)
  2 tyrant leeches (D)
  5 blink frogs (D)
  A shadow (D)
  5 redbacks (D)
  3 wandering mushrooms (D)
  A spatial vortex (D)
  A swamp drake (D)
  A necrophage (D)
  5 two-headed ogres (D)
  A water elemental (D)
  A jelly (D)
  A wizard (D)
  A necromancer (D)
  3 humans (D)
  A kobold demonologist (D)
  A wolf (D)
  2 oozes (D)
  An orc (D)
  2 rats (D)
52 creatures vanquished.

Vanquished Creatures (collateral kills)
  An orc high priest (D)
  An orc knight (D)
  3 orc warriors (D)
  2 orc wizards (D)
  A leopard gecko (D)
  9 orcs (D)
17 creatures vanquished.

Vanquished Creatures (others)
  2 draconian scorchers (D)
  6 hellions (D)
  2 yaktaurs (D)
  A plant (D)
11 creatures vanquished.

Grand Total: 80 creatures vanquished

Notes
Turn   | Place    | Note
-------+----------+-------------------------------------------
     0 | D        | Dfrag the Troll Berserker began the quest for the Orb.
     0 | D        | Reached XP level 1. HP: 22/22 MP: 0/0
    17 | D        | Reached XP level 2. HP: 30/31 MP: 1/1
    34 | D        | Reached ** piety under Trog
    34 | D        | Reached skill level 4 in Unarmed Combat
    63 | D        | Reached skill level 5 in Unarmed Combat
    63 | D        | Reached XP level 3. HP: 16/40 MP: 2/2
    78 | D        | Killed a hellion
    97 | D        | Killed a hellion
    99 | D        | Killed a hellion
   110 | D        | Killed a hellion
   111 | D        | Killed a hellion
   127 | D        | Gained mutation: You have a pair of small horns on your head. [potion of mutation]
   127 | D        | Gained mutation: You have a pair of horns on your head. [potion of mutation]
   128 | D        | Lost mutation: You have a pair of horns on your head. [potion of mutation]
   128 | D        | Lost mutation: You have a pair of small horns on your head. [potion of mutation]
   128 | D        | Gained mutation: You occasionally shout uncontrollably at your foes. [potion of mutation]
   128 | D        | Gained mutation: Your spells are a little harder to cast, but a little more powerful. [potion of mutation]
   128 | D        | Gained mutation: Your magical capacity is low. (-10% MP) [potion of mutation]
   128 | D        | Gained mutation: You are partially covered in rugged brown scales. (AC +1, +3% HP) [potion of mutation]
   130 | D        | Lost mutation: You occasionally shout uncontrollably at your foes. [potion of mutation]
   130 | D        | Lost mutation: Your magical capacity is low. (-10% MP) [potion of mutation]
   130 | D        | Lost mutation: Your spells are a little harder to cast, but a little more powerful. [potion of mutation]
   130 | D        | Gained mutation: Your body sometimes deteriorates upon taking damage. [potion of mutation]
   130 | D        | Gained mutation: You evolve. [potion of mutation]
   130 | D        | Gained mutation: You have an increased reservoir of magic. (+10% MP) [potion of mutation]
   131 | D        | Lost mutation: Your body sometimes deteriorates upon taking damage. [potion of mutation]
   131 | D        | Lost mutation: You evolve. [potion of mutation]
   131 | D        | Gained mutation: Your movements are slightly less encumbered by armour. (ER -2) [potion of mutation]
   131 | D        | Gained mutation: You have a considerably increased reservoir of magic. (+20% MP) [potion of mutation]
   131 | D        | Gained mutation: You have a pair of small antennae on your head. [potion of mutation]
   136 | D        | Noticed a water elemental
   143 | D        | Killed a water elemental
   143 | D        | Reached *** piety under Trog
   143 | D        | Reached skill level 5 in Fighting
   143 | D        | Reached skill level 6 in Unarmed Combat
   143 | D        | Reached XP level 4. HP: 53/53 MP: 1/3
   145 | D        | Killed a yaktaur
   166 | D        | Found a glowing silver altar of Zin.
   166 | D        | Found a glowing golden altar of the Shining One.
   166 | D        | Found a white marble altar of Elyvilon.
   167 | D        | Noticed a deep elf mage
   169 | D        | Killed a deep elf mage
   169 | D        | Reached skill level 10 in Unarmed Combat
   169 | D        | Reached XP level 5. HP: 69/69 MP: 5/5
   169 | D        | Reached XP level 6. HP: 77/77 MP: 6/6
   176 | D        | Killed a hellion
   178 | D        | Found a hide-covered altar of Uskayaw.
   178 | D        | Found a roughly hewn altar of Beogh.
   178 | D        | Found an iron altar of Okawaru.
   178 | D        | Found a bloodstained altar of Trog.
   178 | D        | Found an ornate altar of the Wu Jian Council.
   178 | D        | Noticed a human
   184 | D        | Noticed a human
   185 | D        | Killed a white draconian scorcher
   187 | D        | Killed a human
   187 | D        | Reached skill level 11 in Unarmed Combat
   187 | D        | Reached XP level 7. HP: 76/85 MP: 7/7
   197 | D        | Killed a human
   197 | D        | Reached **** piety under Trog
   197 | D        | Reached skill level 10 in Fighting
   218 | D        | Killed a white draconian scorcher
   250 | D        | Found a basalt altar of Yredelemnul.
   250 | D        | Found a shadowy altar of Dithmenos.
   250 | D        | Found a sacrificial altar of Ru.
   252 | D        | Received a gift from Trog
   254 | D        | Reached skill level 12 in Unarmed Combat
   287 | D        | Noticed a shadow
   290 | D        | Killed a shadow
   290 | D        | Reached XP level 8. HP: 68/98 MP: 8/8
   338 | D        | Found a radiant altar of Vehumet.
   338 | D        | Found a deep blue altar of Sif Muna.
   338 | D        | Found an ancient bone altar of Kikubaaqudgha.
   339 | D        | Reached ***** piety under Trog
   344 | D        | Received a gift from Trog
   371 | D        | Found a blossoming altar of Fedhas.
   371 | D        | Found a stormy altar of Qazlal.
   372 | D        | Found a snail-covered altar of Cheibriados.
   372 | D        | Found a burning altar of Makhleb.
   372 | D        | Found a hazy altar of Hepliaklqana.
   372 | D        | Found a shimmering altar of Xom.
   372 | D        | Found an opulent altar of Gozag.
   372 | D        | Found a sparkling altar of Nemelex Xobeh.
   372 | D        | Found a corrupted altar of Lugonu.
   372 | D        | Found a viscous altar of Jiyva.
   406 | D        | Reached skill level 13 in Unarmed Combat
   465 | D        | Noticed a two-headed ogre
   473 | D        | Killed a two-headed ogre
   499 | D        | Killed a yaktaur
   601 | D        | Noticed Erolcha
   602 | D        | Noticed a two-headed ogre
   608 | D        | Killed Erolcha
   608 | D        | Reached skill level 14 in Unarmed Combat
   608 | D        | Reached XP level 9. HP: 110/110 MP: 9/9
   614 | D        | Killed a two-headed ogre
   616 | D        | Reached skill level 15 in Unarmed Combat
   661 | D        | Reached ****** piety under Trog
   661 | D        | Received a gift from Trog
   672 | D        | Noticed a wandering mushroom
   677 | D        | Noticed a wandering mushroom
   679 | D        | Noticed a wandering mushroom
   743 | D        | Noticed a spiny frog
   743 | D        | Noticed a komodo dragon
   743 | D        | Noticed a spiny frog
   747 | D        | Killed a spiny frog
   749 | D        | Killed a spiny frog
   749 | D        | Reached XP level 10. HP: 123/123 MP: 11/11
   754 | D        | Received a gift from Trog
   754 | D        | Reached skill level 16 in Unarmed Combat
  1097 | D        | Received a gift from Trog
  1114 | D        | Reached skill level 17 in Unarmed Combat
  1251 | D        | Noticed a lindwurm
  1257 | D        | Killed a lindwurm
  1260 | D        | Reached skill level 15 in Fighting
  1308 | D        | Noticed Urug
  1318 | D        | Killed Urug
  1479 | D        | Found Koakoyhe's Armour Shoppe.
  1480 | D        | Noticed an orc knight
  1483 | D        | Received a gift from Trog
  1486 | D        | Noticed an orc high priest
  1489 | D        | Killed an orc knight
  1495 | D        | Received a gift from Trog
  1500 | D        | Killed an orc high priest
  1500 | D        | Reached XP level 11. HP: 36/136 MP: 12/12
  1504 | D        | Received a gift from Trog
  1537 | D        | Bought the +2 troll leather armour of Boredom {Regen+ Int+3 SInv} for 425 gold pieces
  1606 | D        | Noticed a deep elf knight
  1606 | D        | Noticed a deep elf mage
  1606 | D        | Noticed a deep elf mage
  1606 | D        | Noticed a deep elf knight
  1606 | D        | Noticed a deep elf mage
  1615 | D        | Killed a deep elf knight
  1615 | D        | Reached skill level 18 in Unarmed Combat
  1617 | D        | Killed a deep elf knight
  1617 | D        | Received a gift from Trog
  1619 | D        | Killed a deep elf mage
  1619 | D        | Reached skill level 5 in Dodging
  1621 | D        | Killed a deep elf mage
  1629 | D        | Killed a deep elf mage
  1629 | D        | Received a gift from Trog
  1693 | D        | Noticed a deep elf annihilator
  1694 | D        | Noticed a deep elf annihilator
  1694 | D        | Noticed a deep elf death mage
  1695 | D        | Noticed a deep elf demonologist
  1696 | D        | Noticed a deep elf demonologist
  1739 | D        | Noticed Donald
  1739 | D        | Noticed Frances
  1750 | D        | Killed Donald
  1750 | D        | HP: 10/208 [Frances/uncursed war axe of holy wrath (18)]
  1750 | D        | HP: 4/208 [rust devil[Frances] (6)]
  1750 | D        | Slain by a hellwing

Skill      XL: |  1  2  3  4  5  6  7  8  9 10 11 |
---------------+----------------------------------+-----
Fighting       | 3 4 5 9 10 12 13 15 16 | 16.2
Unarmed Combat | 5 6 10 11 12 14 15 17 18 | 18.7
Dodging        | 3 6 |  6.8

Action                   |  1- 3 |  4- 6 |  7- 9 | 10-12 || total
-------------------------+-------+-------+-------+-------++-------
Melee: Unarmed           |    24 |     5 |    65 |    67 ||   161
       Punch             |       |       |     6 |     7 ||    13
Invok: Berserk           |     2 |       |     5 |     8 ||    15
       Burn Spellbooks   |       |       |     1 |       ||     1
       Brothers in Arms  |       |       |       |     3 ||     3
       Trog's Hand       |       |       |       |     2 ||     2
  Use: Potion            |     4 |       |       |       ||     4
  Eat: Chunk             |     7 |       |    10 |    20 ||    37
Armor: Animal skin       |     6 |     1 |     9 |     8 ||    24
       Troll leather arm |       |       |       |     3 ||     3
Dodge: Dodged            |     8 |       |    19 |    40 ||    67
